 Dungeon Crawl Stone Soup version 0.21-a0-283-g622b906 (webtiles) character file.

1650 KingTut the Grave Robber (level 8, -2/58 HPs)
             Began as a Mummy Necromancer on Sept 24, 2017.
             Slain by a hog (4 damage)
             ... on level 7 of the Dungeon.
             The game lasted 00:16:49 (7935 turns).

KingTut the Grave Robber (Mummy Necromancer)        Turns: 7935, Time: 00:16:49

Health: -2/58      AC:  5    Str: 14    XL:     8   Next: 67%
Magic:  12/14      EV: 11    Int: 16    God:
Gold:   319        SH:  0    Dex: 12    Spells: 2/15 levels left

rFire    x . .     SeeInvis .   m - +4 halberd (pain)
rCold    + . .     Gourm    .   (shield currently unavailable)
rNeg     + + +     Faith    .   a - +0 robe
rPois    ∞         Spirit   .   n - +0 helmet
rElec    .         Reflect  .   u - +1 cloak
rCorr    .         Harm     .   (no gloves)
MR       +....                  (no boots)
Stlth    +.........             (no amulet)
HPRegen  0.19/turn              (no ring)
MPRegen  0.14/turn              w - +2 ring of strength

@: drained
A: no food or potions, fire vulnerability, cold resistance 1, negative energy
resistance 3, torment resistance, unbreathing
a: no special abilities


You were on level 7 of the Dungeon.
You were not hungry.

You visited 1 branch of the dungeon, and saw 7 of its levels.

You collected 319 gold pieces.

Inventory:

Hand Weapons
 m - a +4 halberd of pain (weapon)
Missiles
 c - 181 stones
 g - 2 tomahawks (quivered)
 h - 3 javelins
Armour
 a - a +0 robe (worn)
 n - a +0 helmet (worn)
 u - a +1 cloak (worn)
Jewellery
 f - an uncursed amulet of harm
 l - an uncursed ring of resist corrosion
 t - a cursed ring of teleportation
 w - a +2 ring of strength (right hand)
Wands
 k - a wand of paralysis (2/24)
 p - a wand of digging (13/24)
 q - a wand of random effects (30/48)
 v - a wand of polymorph (9/24)
 x - a wand of digging (11/24)
Scrolls
 d - a scroll of amnesia
 i - a scroll of teleportation {unknown}
 j - 2 scrolls of remove curse
 o - a scroll of immolation
 r - a scroll of fear
 s - a scroll of fog {unknown}
 y - a scroll of holy word {unknown}
Books
 b - a book of Necromancy

   Spells                             Type                      Level
   a - Pain                           Necromancy                   1
   b - Animate Skeleton               Necromancy                   1
   c - Vampiric Draining              Necromancy                   3
   d - Regeneration                   Charms/Necromancy            3
   e - Animate Dead                   Necromancy                   4
   f - Control Undead                 Necromancy                   4


   Skills:
 + Level 3.1(2.0) Fighting
 * Level 6.2(5.1) Polearms
 - Level 1.5(0.5) Dodging
 - Level 1.5(0.5) Stealth
 - Level 4.3(3.2) Spellcasting
 - Level 7.8(6.7) Necromancy


You had 2 spell levels left.
You knew the following spells:

 Your Spells              Type           Power        Failure   Level  Hunger
a - Pain                  Necr           ###.         1%          1    N/A
b - Animate Skeleton      Necr           N/A          1%          1    N/A
c - Vampiric Draining     Necr           ###.......   3%          3    N/A
d - Animate Dead          Necr           N/A          12%         4    N/A
e - Control Undead        Necr           ###.......   12%         4    N/A

Dungeon Overview and Level Annotations

Branches:
Dungeon (7/15)             Temple (0/1) D:4

Altars:
Ashenzari
Cheibriados
Dithmenos
Elyvilon
Hepliaklqana
Ru
Wu Jian
Xom
The Shining One

Annotations:
D:3 Sigmund


Innate Abilities, Weirdness & Mutations

You do not eat or drink.
Your flesh is vulnerable to fire.
You are immune to poison.
Your flesh is cold resistant. (rC+)
You are immune to negative energy. (rN+++)
You are immune to unholy pain and torment.
You can survive without breathing.


Message History

Aim: a human, wielding a hand axe and wearing an animal skin (lightly wounded, chance to defeat MR: 83%)
The hog writhes in agony!
The hog bites you. The hog bites you! The hog bites you! The hog bites you!
The hog bites you but does no damage.
You completely miss the hog.
The hog barely misses you. x2; The hog bites you.
You puncture the hog!
The hog writhes in agony.
The hog is moderately wounded.
The hog closely misses you. The hog barely misses you. The hog bites you. x2
* * * LOW HITPOINT WARNING * * *
The hog bites you but does no damage.
You puncture the hog!
The hog writhes in agony.
The hog is severely wounded.
The hog bites you.
* * * LOW HITPOINT WARNING * * *
The hog bites you!
* * * LOW HITPOINT WARNING * * *
The hog bites you.
You die...

#########...########
#...'...........
....####.###...########
..............##
.....###.####.# .....
#.# #.# .....###.# #.#
.........## #.#
........@.# #.#
....#.Yhhh# #.# ...
#...p.# #.# .
####..###.# #...##
#....# ###'## #..#
..#Y.#


You could see a yak, 3 hogs and a human.

Vanquished Creatures
  Edmund (D:5)
  2 sky beasts
  5 ogres
  A centaur (D:6)
  A scorpion (D:5)
  2 howler monkeys
  A crimson imp (D:7)
  2 jellies
  Crazy Yiuf (D:5)
  A hound (D:6)
  An orc priest (D:6)
  2 iguanas
  3 orc wizards
  2 worker ants
  A howler monkey skeleton (D:5)
  5 gnolls
  7 adders
  A shadow imp (D:6)
  4 oozes
  2 dart slugs
  A leopard gecko (D:4)
  10 orcs
  4 giant cockroaches
  A goblin (D:2)
  6 hobgoblins
  11 jackals
  A quokka (D:2)
  5 bats
  3 frilled lizards
  A jackal skeleton (D:6)
  6 kobolds (D:1)
  6 rats
100 creatures vanquished.

Vanquished Creatures (collateral kills)
  2 ogres
  A bullfrog (D:6)
  A scorpion (D:5)
  A bullfrog zombie (D:5)
  An orc priest (D:4)
  An ooze (D:4)
  A leopard gecko (D:4)
  2 orcs (D:4)
  2 jackals
12 creatures vanquished.

Grand Total: 112 creatures vanquished

Notes
Turn   | Place    | Note
-------+----------+-------------------------------------------
     0 | D:1      | KingTut the Mummy Necromancer began the quest for the Orb.
     0 | D:1      | Reached XP level 1. HP: 13/13 MP: 4/4
    93 | D:1      | Learned a level 1 spell: Animate Skeleton
   297 | D:1      | Reached XP level 2. HP: 18/19 MP: 0/6
   835 | D:1      | Reached XP level 3. HP: 24/24 MP: 4/8
   877 | D:1      | Learned a level 3 spell: Vampiric Draining
  1653 | D:2      | Found a snail-covered altar of Cheibriados.
  1882 | D:2      | Reached skill level 5 in Necromancy
  1947 | D:2      | Reached XP level 4. HP: 30/30 MP: 6/10
  3006 | D:3      | Reached XP level 5. HP: 23/35 MP: 4/11
  3251 | D:3      | Noticed Sigmund
  3266 | D:3      | Reached skill level 1 in Polearms
  3465 | D:4      | Found an ornate altar of the Wu Jian Council.
  3466 | D:4      | Found a glowing golden altar of the Shining One.
  3466 | D:4      | Found a hazy altar of Hepliaklqana.
  3469 | D:4      | Found a shattered altar of Ashenzari.
  3525 | D:4      | Noticed an ogre
  3541 | D:4      | Killed an ogre
  3565 | D:4      | Found a staircase to the Ecumenical Temple.
  3637 | D:4      | Noticed an ogre
  3644 | D:4      | Killed an ogre
  3644 | D:4      | Reached skill level 6 in Necromancy
  3644 | D:4      | Reached XP level 6. HP: 40/41 MP: 12/12
  3777 | D:4      | Found a sacrificial altar of Ru.
  4996 | D:5      | Entered Level 5 of the Dungeon
  5202 | D:5      | Learned a level 4 spell: Animate Dead
  5207 | D:5      | Noticed Edmund
  5207 | D:5      | Learned a level 4 spell: Control Undead
  5220 | D:5      | Noticed a sky beast
  5244 | D:4      | Killed a sky beast
  5244 | D:4      | Reached XP level 7. HP: 34/46 MP: 0/13
  5346 | D:5      | Killed Edmund
  5346 | D:5      | Reached skill level 7 in Necromancy
  6195 | D:5      | Found a runed door.
  6255 | D:5      | Found a white marble altar of Elyvilon.
  6350 | D:5      | Noticed Crazy Yiuf
  6354 | D:5      | Killed Crazy Yiuf
  6354 | D:5      | Reached XP level 8. HP: 43/52 MP: 7/14
  6681 | D:6      | Reached skill level 1 in Fighting
  6683 | D:6      | Reached skill level 5 in Polearms
  7632 | D:6      | Found a shadowy altar of Dithmenos.
  7806 | D:7      | Found a shimmering altar of Xom.
  7935 | D:7      | HP: 2/58 [hog (10)]
  7935 | D:7      | Slain by a hog

Vault maps used:
D:1:      lightli_arrival_lavapool
D:2:      nicolae_overflow_crystal_walls, first_bread
D:3:      marbit_many_paths, corexii_item_surrounded_by_moat, uniq_sigmund
D:4:      minitemple, lemuel_crystal_altar, minmay_temple_entry_nine_rooms
D:5:      elyvilon_altar_3, uniq_crazy_yiuf_cottage, uniq_edmund
D:6:      lemuel_doored_altar
D:7:      xom_butterflies, grunt_livestock, nicolae_qazlal_style_of_elements

Skill      XL: |  1  2  3  4  5  6  7  8 |
---------------+-------------------------+-----
Spellcasting   | 3 4 |  4.3
Necromancy     | 5 6 7 |  7.8
Polearms       | 2 3 4 6 |  6.2
Fighting       | 3 |  3.1
Dodging        | |  1.5
Stealth        | |  1.5

Action                   |  1- 3 |  4- 6 |  7- 9 || total
-------------------------+-------+-------+-------++-------
Melee: Mace              |     2 |       |       ||     2
       Halberd           |       |    40 |    68 ||   108
Throw: Tomahawk          |     3 |       |     1 ||     4
 Cast: Pain              |    71 |    83 |    70 ||   224
       Vampiric Draining |       |     4 |    13 ||    17
       Animate Skeleton  |       |     8 |       ||     8
       Animate Dead      |       |       |     7 ||     7
       Control Undead    |       |       |     1 ||     1
Evoke: Wand              |       |     2 |       ||     2
  Use: Scroll            |     3 |     4 |     9 ||    16
 Stab: Paralysed         |       |     3 |       ||     3
       Sleeping          |       |     1 |       ||     1
Armor: Robe              |     4 |    13 |    25 ||    42
Dodge: Dodged            |    12 |    67 |    70 ||   149

Table legend:
 A = Spawn XP
 B = Non-spawn XP
 C = Spawn XP percentage of total XP
 D = Spawn monster count
 E = Non-spawn monster count
 F = Spawn count percentage of total count
 G = Total turns spent on level
                    A         B        C        D         E        F      G
               +---------+---------+-------+---------+---------+-------+---------
         Total |       0 |    2358 |   0.0 |       0 |     112 |   0.0 |  7935
               +---------+---------+-------+---------+---------+-------+---------
           D:1 |       0 |      72 |   0.0 |       0 |      24 |   0.0 |  1841
           D:2 |       0 |     123 |   0.0 |       0 |      22 |   0.0 |  1127
           D:3 |       0 |      29 |   0.0 |       0 |       3 |   0.0 |   314
           D:4 |       0 |     558 |   0.0 |       0 |      19 |   0.0 |  1811
           D:5 |       0 |     684 |   0.0 |       0 |      20 |   0.0 |  1485
           D:6 |       0 |     813 |   0.0 |       0 |      22 |   0.0 |  1228
           D:7 |       0 |      79 |   0.0 |       0 |       2 |   0.0 |   129
               +---------+---------+-------+---------+---------+-------+---------
